Workbook
Name _010SpotSales: #REF!
Name _011OffMktSales: #REF!
Name _012EnergySalesComalco: #REF!
Name _013Direct_Supply: #REF!
Name _015_Energy_Sales_ECNZ_Hedges: #REF!
Name _017_EnergyTransmissionRev_TP: #REF!
Name _019Discounts: #REF!
Name _01GEnergy_Sales_ECNZ_Buy_Hedges: #REF!
Name _01H_EnergySales_Other_Hedges: #REF!
Name _01I_EnergySales_InternalHedge: #REF!
Name _01R_EnergySales_ExistingRetail: #REF!
Name _01T_EnergySales_TransaltaLease: #REF!
Name _020_EnergyFuturesTrading: #REF!
Name _051_Lease_RentalIncome: #REF!
Name _052_DividendsIncome: #REF!
Name _053_GainonForeignCurrency: #REF!
Name _054_GainonSaleofFixedAssets: #REF!
Name _055_MiscellaneousIncome: #REF!
Name _070_Steam_HotWaterRevenues: #REF!
Name _112_NZEMCosts_ServiceProvider: #REF!
Name _113_MACSCosts: #REF!
Name _115_Connection_OtherCharges: #REF!
Name _118EnergyCostComalco: #REF!
Name _119Energy_Cost_Direct_Supply: #REF!
Name _11A_MeterReading_TOU: #REF!
Name _11B_MeterLeasing: #REF!
Name _11C_MeterManagement: #REF!
Name _11D_RocMeterReading: #REF!
Name _11MComalcoTransmissionRevenue: #REF!
Name _11N_TiwaiPointTransCharge: #REF!
Name _11P_LineRevenue: #REF!
Name _11QLineCharges: #REF!
Name _120_MARIACosts: #REF!
Name _121AC_ConnectionCharges: #REF!
Name _122HVDC_Charges: #REF!
Name _123_InvoiceProcessing: #REF!
Name _124_RemittanceProcessing: #REF!
Name _125_DataAdministration: #REF!
Name _126_ROCAdministrativeStaff: #REF!
Name _127_ROCCallCentreStaff: #REF!
Name _190_GridExitPoints: #REF!
Name _191_FieldServicescosts: #REF!
Name _192_PulseCosts: #REF!
Name _1HOLOS_ORIENT_P_L_ACT_DL: #REF!
Name _211_Salary_Pay: #REF!
Name _212_Bonus: #REF!
Name _213_TempEmployeesWages: #REF!
Name _214_CapitalisedSalary: #REF!
Name _221_AccidentInsurance: #REF!
Name _223_FringeBenefitTax: #REF!
Name _224_MembershipFees_Staff: #REF!
Name _225_Severance: #REF!
Name _231_RecruitmentCosts: #REF!
Name _241_Training_Conferencecosts: #REF!
Name _242_Training_TRAVEL_ACCOMMcosts: #REF!
Name _251_HumanResourcePrograms: #REF!
Name _252_SpecialRewardsProgramme: #REF!
Name _2HOLOS_P_L_ACT_DL: #REF!
Name _311_Plant_equipcosts: #REF!
Name _312_VehicleLeases: #REF!

Sheet Summary
A1: Fiscal Time Series Historical Indicators 1972 - 2025
A2: Update for Year End 30 June 2025
A3: Published 9 January 2026
A4: Published by the Treasury at https://www.treasury.govt.nz/publications/information-release/data-fiscal-time-series-historical-fiscal-indicators
A6: Click on a group title to access an explanation of the series contained in that group.

Sheet Series Descriptions
B1: Series Descriptions
A140: Magnitude of difference in 1994 transition from cash to accrual
A142: Series | C142: Cash, GST inclusive | D142: Accrual (old-GAAP), GST exclusive | E142: Difference | F142: Notes
A143: Expenses by Function Classification
B144: Social security and welfare, GSF | C144: 10528 | D144: 11473 | E144: =C144-D144 -> -945
B145: Health | C145: 4103 | D145: 4104 | E145: =C145-D145 -> -1
B146: Education | C146: 4631 | D146: 4173 | E146: =C146-D146 -> 458
B147: Core Government Services | C147: 2104 | D147: 1673 | E147: =C147-D147 -> 431
B148: Law and order | C148: 1260 | D148: 1145 | E148: =C148-D148 -> 115
B149: Defence | C149: 1163 | D149: 1049 | E149: =C149-D149 -> 114
B150: Transport and communications | C150: 805 | D150: 733 | E150: =C150-D150 -> 72
B151: Economic and Industrial Services | C151: 909 | D151: 653 | E151: =C151-D151 -> 256
B152: Heritage, culture and recreation; Primary Services, Housing and community development, Other | C152: 114 | D152: 583 | E152: =C152-D152 -> -469 | F152: Relatively large difference due differences in functional classifications
B153: Finance costs | C153: 3557 | D153: 3788 | E153: =C153-D153 -> -231
A155: Financial Net Expenditure (cash)/Core Crown Expenses (accrual) | C155: 29174 | D155: 28476 | E155: =C155-D155 -> 698 | F155: Adding FX net losses of $898m to sum of expenses by function gives core Crown Expenses.
A157: Cash Receipts (cash)/Core Crown Revenue (accrual) | C157: 29598 | D157: 29020 | E157: =C157-D157 -> 578
A159: Adjusted Financial Balance (cash)/Total Crown Operating Balance (accrual) | C159: 792 | D159: 755 | E159: =C159-D159 -> 37 | F159: A full line-by-line reconciliation of the Adjusted Financial Balance can be found in Table 1 on page 6 of the "Fiscal Time Series Explanatory Note".

Sheet Sources
A1: Sources

Sheet Spending
A1: Spending
A3: $ millions | C3: Spending | G3: Core Crown Expense Classes
C4: Financial Net Expenditure | D4: Core Crown Expenses | E4: Total Crown Expenses | G4: Social security and welfare, GSF | H4: Health | I4: Education | J4: Core Government Services | K4: Law and order | L4: Defence | M4: Transport and communications | N4: Economic and Industrial Services | O4: Heritage, culture and recreation; Primary Services, Housing and community development, Environemntal protection, Other | P4: Finance costs | Q4: Net foreign exchange gains(-)/losses
A5: Cash, March Years | B5: 1972 | C5: 1682.8 | G5: 391.9 | H5: 291.8 | I5: 335 | J5: 113.8 | K5: 32.2 | L5: 118.8 | M5: 144.4 | N5: 43.3 | O5: 131.6 | P5: 168
B6: 1973 | C6: 2006.2 | G6: 527.3 | H6: 343.1 | I6: 376.8 | J6: 133.3 | K6: 39.8 | L6: 128.1 | M6: 183.1 | N6: 68.7 | O6: 143.5 | P6: 186.5
B7: 1974 | C7: 2303.9 | G7: 646.8 | H7: 401.1 | I7: 440.2 | J7: 168 | K7: 46.3 | L7: 138.7 | M7: 168.7 | N7: 75.2 | O7: 194.8 | P7: 201.9
B8: 1975 | C8: 2977.7 | G8: 789.5 | H8: 492.3 | I8: 526.6 | J8: 228.4 | K8: 61 | L8: 163 | M8: 211.2 | N8: 145.3 | O8: 313.5 | P8: 221.8
B9: 1976 | C9: 3562 | G9: 997 | H9: 605.7 | I9: 627 | J9: 272.7 | K9: 77.8 | L9: 188.4 | M9: 274.8 | N9: 228.4 | O9: 494.1 | P9: 272.8
B10: 1977 | C10: 3956.9 | G10: 1158.9 | H10: 689.1 | I10: 699.4 | J10: 315.2 | K10: 79.6 | L10: 210.7 | M10: 230.6 | N10: 293.2 | O10: 283.2 | P10: 371.3
B11: 1978 | C11: 4959.1 | G11: 1569.3 | H11: 808.5 | I11: 807.5 | J11: 337.7 | K11: 107.5 | L11: 248.2 | M11: 247.6 | N11: 375.9 | O11: 368.7 | P11: 471.3
B12: 1979 | C12: 6099.5 | G12: 1853.5 | H12: 980.1 | I12: 929.3 | J12: 420 | K12: 139.3 | L12: 293.2 | M12: 279.1 | N12: 486.1 | O12: 507.5 | P12: 595.8
B13: 1980 | C13: 6971.2 | G13: 2175 | H13: 1136.2 | I13: 1009.3 | J13: 467.7 | K13: 164.7 | L13: 340.8 | M13: 265 | N13: 398.5 | O13: 486.6 | P13: 766.4
B14: 1981 | C14: 8517.3 | G14: 2589.7 | H14: 1356.3 | I14: 1292 | J14: 568.4 | K14: 208.8 | L14: 446.4 | M14: 332.6 | N14: 434.7 | O14: 502.5 | P14: 896.9
B15: 1982 | C15: 10407.7 | G15: 3042.3 | H15: 1601.2 | I15: 1493.2 | J15: 673 | K15: 253.5 | L15: 581.1 | M15: 460.6 | N15: 652.4 | O15: 657.7 | P15: 1211
B16: 1983 | C16: 11956.4 | G16: 3744.2 | H16: 1766 | I16: 1638.8 | J16: 707.1 | K16: 266.3 | L16: 644.1 | M16: 495.6 | N16: 742.1 | O16: 710.9 | P16: 1492.6
B17: 1984 | C17: 13424.6 | G17: 4049.4 | H17: 1804.9 | I17: 1674.3 | J17: 729.2 | K17: 271.3 | L17: 660.2 | M17: 537.1 | N17: 896.2 | O17: 996.1 | P17: 2041.9
... B19: 1986 | C19: 16987.2 | G19: 5449.1 | H19: 2309 | I19: 2010.3 | J19: 1048.2 | K19: 391.1 | L19: 852.1 | M19: 865.6 | N19: 755.2 | O19: 460.8 | P19: 3340
B20: 1987† | C20: 20823 | G20: 6479.3 | H20: 2957.3 | I20: 2595.2 | J20: 1205.6 | K20: 520.6 | L20: 1072.1 | M20: 1039.4 | N20: 1007.5 | O20: 476.4 | P20: 4091.9
B21: 1988† | C21: 24905.7 | G21: 7791.9 | H21: 3387.5 | I21: 3118.2 | J21: 1798.2 | K21: 681.4 | L21: 1257.6 | M21: 654.8 | N21: 1006.6 | O21: 343 | P21: 4970.9
B22: 1989† | C22: 26427.5 | G22: 9123.3 | H22: 3639.3 | I22: 3569.2 | J22: 1886.1 | K22: 863.7 | L22: 1366.9 | M22: 672 | N22: 872.1 | O22: 355.7 | P22: 4492.5
A23: Cash, June Years | B23: 1990† | C23: 29294.4 | G23: 10319.8 | H23: 3782.2 | I23: 4068.2 | J23: 2376.5 | K23: 958.7 | L23: 1352.3 | M23: 888.3 | N23: 870.2 | O23: 289.3 | P23: 4724.5
B24: 1991† | C24: 30298 | G24: 10317 | H24: 3986 | I24: 4401 | J24: 2446.9 | K24: 1003.9 | L24: 1319.2 | M24: 826 | N24: 1038.8 | O24: 335.2 | P24: 4624
B25: 1992† | C25: 29174 | G25: 10620 | H25: 3855 | I25: 4467 | J25: 2084.7 | K25: 1036.3 | L25: 1238 | M25: 816 | N25: 640.7 | O25: 269.3 | P25: 4147
B26: 1993† | C26: 29418 | G26: 10697.2 | H26: 3873.6 | I26: 4503.6 | J26: 2179.1 | K26: 1281.4 | L26: 1171.4 | M26: 717.6 | N26: 944.1 | O26: 149.9 | P26: 3898.5
A27: old-GAAP | B27: 1994* | D27: 28476 | G27: =10725+748 -> 11473 | H27: 4104 | I27: 4173 | J27: 1673 | K27: =1145 -> 1145 | L27: 1049 | M27: 733 | N27: 653 | O27: 583 | P27: 3788 | Q27: -898
B28: 1995* | D28: 29214 | G28: =10851+872 -> 11723 | H28: 4367 | I28: 4338 | J28: 1300 | K28: 1176 | L28: 1013 | M28: 714 | N28: 622 | O28: 755 | P28: 3757 | Q28: -551
B29: 1996* | D29: 30483 | G29: =11230+1009 -> 12239 | H29: 4672 | I29: 4463 | J29: 1508 | K29: 1222 | L29: 970 | M29: 737 | N29: 950 | O29: 622 | P29: 3703 | Q29: -603
A30: IFRS, June Years | B30: 1997 | D30: 31367.962 | E30: 37599.962 | G30: 12180.962 | H30: 5029 | I30: 4817 | J30: 1956 | K30: 1266 | L30: 946 | M30: 797 | N30: 711 | O30: 720 | P30: 2945
B31: 1998 | D31: 32981.947 | E31: 38766.947 | G31: 13024.947 | H31: 5361 | I31: 5162 | J31: 1858 | K31: 1329 | L31: 1065 | M31: 850 | N31: 769 | O31: 890 | P31: 2673
B32: 1999 | D32: 33938.571 | E32: 39837.571 | G32: 13435.571 | H32: 5875 | I32: 5337 | J32: 1984 | K32: 1482 | L32: 1022 | M32: 923 | N32: 813 | O32: 700 | P32: 2367
B33: 2000 | D33: 34828.526 | E33: 41017.946 | G33: 13499.526 | H33: 6146 | I33: 5712 | J33: 1992 | K33: 1509 | L33: 1163 | M33: 929 | N33: 881 | O33: 792 | P33: 2205
B34: 2001^ | D34: 36558.549 | E34: 43518.019 | G34: 13781.549 | H34: 6660 | I34: 6136 | J34: 2148 | K34: 1541 | L34: 1242 | M34: 905 | N34: 1037 | O34: 804 | P34: 2304
B35: 2002^ | D35: 37512.702 | E35: 47202.446 | G35: 14161.406 | H35: 7032 | I35: 6473 | J35: 1890 | K35: 1733 | L35: 1162 | M35: 989 | N35: 1013 | O35: 941.296 | P35: 2118
B36: 2003^ | D36: 39897.483 | E36: 51948.612 | G36: 14448.87 | H36: 7501 | I36: 7016 | J36: 2130 | K36: 1734 | L36: 1199 | M36: 1408 | N36: 1054 | O36: 1046.613 | P36: 2360
B37: 2004^ | D37: 41882.174 | E37: 53210.765 | G37: 14843.556 | H37: 8111 | I37: 7585 | J37: 2091 | K37: 1843 | L37: 1311 | M37: 1461 | N37: 1192 | O37: 1192.618 | P37: 2252
A38: PBE Standards, June Years | B38: 2005^ | D38: 44660 | E38: 57687 | G38: 15253 | H38: 8813 | I38: 7930 | J38: 2567 | K38: 1889 | L38: 1275 | M38: 1635 | N38: 1444 | O38: 1580 | P38: 2274
B39: 2006^ | D39: 49084 | E39: 63703 | G39: 16212 | H39: 9547 | I39: 9914 | J39: 2507 | K39: 2146 | L39: 1383 | M39: 1818 | N39: 1592 | O39: 1609 | P39: 2356
B40: 2007^ | D40: 53764 | E40: 68055 | G40: 17266 | H40: 10355 | I40: 9269 | J40: 4817 | K40: 2606 | L40: 1517 | M40: 2405 | N40: 1595 | O40: 1605 | P40: 2329
B41: 2008^ | D41: 56753 | E41: 75096 | G41: 18420 | H41: 11297 | I41: 9551 | J41: 3371 | K41: 2797 | L41: 1562 | M41: 2244 | N41: 2889 | O41: 2162 | P41: 2460
B42: 2009^ | D42: 63711 | E42: 82592 | G42: 19844 | H42: 12368 | I42: 11455 | J42: 5293 | K42: 2992 | L42: 1757 | M42: 2663 | N42: 2960 | O42: 1950 | P42: 2429
B43: 2010^ | D43: 63554 | E43: 80048 | G43: 21142 | H43: 13128 | I43: 11724 | J43: 2974 | K43: 3103 | L43: 1814 | M43: 2345 | N43: 2806 | O43: 2207 | P43: 2311
B44: 2011^ | D44: 70099 | E44: 99043 | G44: 22029 | H44: 13753 | I44: 11650 | J44: 5563 | K44: 3312 | L44: 1809 | M44: 2281 | N44: 2542 | O44: 4094 | P44: 3066
B45: 2012^ | D45: 68939 | E45: 91989 | G45: 22148 | H45: 14160 | I45: 11654 | J45: 5428 | K45: 3338 | L45: 1736 | M45: 2232 | N45: 2073 | O45: 2659 | P45: 3511
B46: 2013^ | D46: 69962 | E46: 90030 | G46: 22737 | H46: 14498 | I46: 12504 | J46: 4294 | K46: 3394 | L46: 1804 | M46: 2255 | N46: 1978 | O46: 2879 | P46: 3619
B47: 2014^ | D47: 71174 | E47: 91179 | G47: 23308 | H47: 14898 | I47: 12300 | J47: 4502 | K47: 3463 | L47: 1811 | M47: 2237 | N47: 2058 | O47: 2977 | P47: 3620
B48: 2015^ | D48: 72363 | E48: 93064 | G48: 23881 | H48: 15058 | I48: 12879 | J48: 4134 | K48: 3515 | L48: 1961 | M48: 2291 | N48: 2228 | O48: 2633 | P48: 3783
B49: 2016^ | D49: 73929 | E49: 95137 | G49: 24352 | H49: 15626 | I49: 13158 | J49: 4102 | K49: 3648 | L49: 2026 | M49: 2178 | N49: 2107 | O49: 3142 | P49: 3590
B50: 2017^ | D50: 76339 | E50: 99007 | G50: 25511 | H50: 16223 | I50: 13281 | J50: 3957 | K50: 3882 | L50: 2146 | M50: 2176 | N50: 2544 | O50: 3085 | P50: 3534
... B52: 2019^# | D52: 86959 | E52: 111376 | G52: 28806 | H52: 18268 | I52: 14293 | J52: 5166 | K52: 4625 | L52: 2395 | M52: 2889 | N52: 3006 | O52: 3820 | P52: 3691
B53: 2020 | D53: 108832 | E53: 138916 | G53: 44028 | H53: 19891 | I53: 16322 | J53: 6083 | K53: 4911 | L53: 2499 | M53: 3179 | N53: 3988 | O53: =D53-SUM(G53:N53,P53) -> 4703 | P53: 3228
B54: 2021 | D54: 107764 | E54: 133722 | G54: 36759 | H54: 22784 | I54: 16039 | J54: 5754 | K54: 5202 | L54: 2664 | M54: 5656 | N54: 4481 | O54: 6507 | P54: 1918
B55: 2022 | D55: 125641 | E55: 150956 | G55: 42954 | H55: 27781 | I55: 18023 | J55: 5720 | K55: 5444 | L55: 2832 | M55: 4657 | N55: 8078 | O55: 7268 | P55: 2884
B56: 2023 | D56: 127574 | E56: 161822 | G56: =41514+61 -> 41575 | H56: 28489 | I56: 18403 | J56: 6806 | K56: 6165 | L56: 2886 | M56: 5472 | N56: 3690 | O56: 7519 | P56: 6569
B57: 2024 | D57: 138998 | E57: 180061 | G57: 44658 | H57: 29999 | I57: 20223 | J57: 8468 | K57: 6527 | L57: 3163 | M57: 5487 | N57: 4010 | O57: 7520 | P57: 8943
B58: 2025 | D58: 141675 | E58: 183502 | G58: 47568 | H58: 30311 | I58: 20895 | J58: 7908 | K58: 6734 | L58: 3271 | M58: 5472 | N58: 3514 | O58: 7140 | P58: 8862
A60: * GAAP data for these years has not been backdated on IFRS basis
A61: † Data for these years inclusive of GST
A62: See | B62: magnitude of difference in 1994 in transition from cash to accrual
A63: 1 Includes Heritage, culture and recreation, primary services, Housing and Community devlopment; and environmental protection
A64: ^ Total Crown expenses have been restated to exclude Income Related Rent Subsidy expense between government reporting entities
A65: # 2019 results have been restated in the adoption of new PBE standards. Further information can be found in note 28 of the 2019/20 financial statements of government.
A69: $ per capita | C69: Spending | G69: Core Crown Expense Classes
C70: Financial Net Expenditure | D70: Core Crown Expenses | E70: Total Crown Expenses | G70: Social security and welfare, GSF | H70: Health | I70: Education | J70: Core government services | K70: Law and order | L70: Defence | M70: Transport and communications | N70: Economic and industrial services | O70: Heritage, culture and recreation; Primary Services, Housing and community development, Other | P70: Finance costs | Q70: Net foreign exchange gains(-)/losses
A71: Cash, March Years | B71: 1972
B72: 1973
B73: 1974
B74: 1975
B75: 1976
B76: 1977
B77: 1978
B78: 1979
B79: 1980
B80: 1981
B81: 1982
B82: 1983
B83: 1984
... B85: 1986
B86: 1987†
B87: 1988†
B88: 1989†
A89: Cash, June Years | B89: 1990†
B90: 1991†
B91: 1992† | C91: =ROUND((C25*1000000/Population!$C25),0) -> 8300 | G91: =ROUND((G25*1000000/Population!$C25),0) -> 3021 | H91: =ROUND((H25*1000000/Population!$C25),0) -> 1097 | I91: =ROUND((I25*1000000/Population!$C25),0) -> 1271 | J91: =ROUND((J25*1000000/Population!$C25),0) -> 593 | K91: =ROUND((K25*1000000/Population!$C25),0) -> 295 | L91: =ROUND((L25*1000000/Population!$C25),0) -> 352 | M91: =ROUND((M25*1000000/Population!$C25),0) -> 232 | N91: =ROUND((N25*1000000/Population!$C25),0) -> 182 | ... P91: =ROUND((P25*1000000/Population!$C25),0) -> 1180
B92: 1993† | C92: =ROUND((C26*1000000/Population!$C26),0) -> 8282 | G92: =ROUND((G26*1000000/Population!$C26),0) -> 3012 | H92: =ROUND((H26*1000000/Population!$C26),0) -> 1091 | I92: =ROUND((I26*1000000/Population!$C26),0) -> 1268 | J92: =ROUND((J26*1000000/Population!$C26),0) -> 613 | K92: =ROUND((K26*1000000/Population!$C26),0) -> 361 | L92: =ROUND((L26*1000000/Population!$C26),0) -> 330 | M92: =ROUND((M26*1000000/Population!$C26),0) -> 202 | N92: =ROUND((N26*1000000/Population!$C26),0) -> 266 | ... P92: =ROUND((P26*1000000/Population!$C26),0) -> 1098
A93: old-GAAP | B93: 1994* | D93: =ROUND((D27*1000000/Population!$C27),0) -> 7916 | G93: =ROUND((G27*1000000/Population!$C27),0) -> 3190 | H93: =ROUND((H27*1000000/Population!$C27),0) -> 1141 | I93: =ROUND((I27*1000000/Population!$C27),0) -> 1160 | J93: =ROUND((J27*1000000/Population!$C27),0) -> 465 | K93: =ROUND((K27*1000000/Population!$C27),0) -> 318 | L93: =ROUND((L27*1000000/Population!$C27),0) -> 292 | M93: =ROUND((M27*1000000/Population!$C27),0) -> 204 | N93: =ROUND((N27*1000000/Population!$C27),0) -> 182 | ... Q93: =ROUND((Q27*1000000/Population!$C27),0) -> -250
B94: 1995* | D94: =ROUND((D28*1000000/Population!$C28),0) -> 8009 | G94: =ROUND((G28*1000000/Population!$C28),0) -> 3214 | H94: =ROUND((H28*1000000/Population!$C28),0) -> 1197 | I94: =ROUND((I28*1000000/Population!$C28),0) -> 1189 | J94: =ROUND((J28*1000000/Population!$C28),0) -> 356 | K94: =ROUND((K28*1000000/Population!$C28),0) -> 322 | L94: =ROUND((L28*1000000/Population!$C28),0) -> 278 | M94: =ROUND((M28*1000000/Population!$C28),0) -> 196 | N94: =ROUND((N28*1000000/Population!$C28),0) -> 171 | ... Q94: =ROUND((Q28*1000000/Population!$C28),0) -> -151
B95: 1996* | D95: =ROUND((D29*1000000/Population!$C29),0) -> 8227 | G95: =ROUND((G29*1000000/Population!$C29),0) -> 3303 | H95: =ROUND((H29*1000000/Population!$C29),0) -> 1261 | I95: =ROUND((I29*1000000/Population!$C29),0) -> 1204 | J95: =ROUND((J29*1000000/Population!$C29),0) -> 407 | K95: =ROUND((K29*1000000/Population!$C29),0) -> 330 | L95: =ROUND((L29*1000000/Population!$C29),0) -> 262 | M95: =ROUND((M29*1000000/Population!$C29),0) -> 199 | N95: =ROUND((N29*1000000/Population!$C29),0) -> 256 | ... Q95: =ROUND((Q29*1000000/Population!$C29),0) -> -163
A96: IFRS, June Years | B96: 1997 | D96: =ROUND((D30*1000000/Population!$C30),0) -> 8343 | E96: =ROUND((E30*1000000/Population!$C30),0) -> 10000 | G96: =ROUND((G30*1000000/Population!$C30),0) -> 3240 | H96: =ROUND((H30*1000000/Population!$C30),0) -> 1338 | I96: =ROUND((I30*1000000/Population!$C30),0) -> 1281 | J96: =ROUND((J30*1000000/Population!$C30),0) -> 520 | K96: =ROUND((K30*1000000/Population!$C30),0) -> 337 | L96: =ROUND((L30*1000000/Population!$C30),0) -> 252 | M96: =ROUND((M30*1000000/Population!$C30),0) -> 212 | N96: =ROUND((N30*1000000/Population!$C30),0) -> 189 | ... P96: =ROUND((P30*1000000/Population!$C30),0) -> 783
B97: 1998 | D97: =ROUND((D31*1000000/Population!$C31),0) -> 8678 | E97: =ROUND((E31*1000000/Population!$C31),0) -> 10200 | G97: =ROUND((G31*1000000/Population!$C31),0) -> 3427 | H97: =ROUND((H31*1000000/Population!$C31),0) -> 1410 | I97: =ROUND((I31*1000000/Population!$C31),0) -> 1358 | J97: =ROUND((J31*1000000/Population!$C31),0) -> 489 | K97: =ROUND((K31*1000000/Population!$C31),0) -> 350 | L97: =ROUND((L31*1000000/Population!$C31),0) -> 280 | M97: =ROUND((M31*1000000/Population!$C31),0) -> 224 | N97: =ROUND((N31*1000000/Population!$C31),0) -> 202 | ... P97: =ROUND((P31*1000000/Population!$C31),0) -> 703
B98: 1999 | D98: =ROUND((D32*1000000/Population!$C32),0) -> 8868 | E98: =ROUND((E32*1000000/Population!$C32),0) -> 10410 | G98: =ROUND((G32*1000000/Population!$C32),0) -> 3511 | H98: =ROUND((H32*1000000/Population!$C32),0) -> 1535 | I98: =ROUND((I32*1000000/Population!$C32),0) -> 1395 | J98: =ROUND((J32*1000000/Population!$C32),0) -> 518 | K98: =ROUND((K32*1000000/Population!$C32),0) -> 387 | L98: =ROUND((L32*1000000/Population!$C32),0) -> 267 | M98: =ROUND((M32*1000000/Population!$C32),0) -> 241 | N98: =ROUND((N32*1000000/Population!$C32),0) -> 212 | ... P98: =ROUND((P32*1000000/Population!$C32),0) -> 619
B99: 2000 | D99: =ROUND((D33*1000000/Population!$C33),0) -> 9050 | E99: =ROUND((E33*1000000/Population!$C33),0) -> 10658 | G99: =ROUND((G33*1000000/Population!$C33),0) -> 3508 | H99: =ROUND((H33*1000000/Population!$C33),0) -> 1597 | I99: =ROUND((I33*1000000/Population!$C33),0) -> 1484 | J99: =ROUND((J33*1000000/Population!$C33),0) -> 518 | K99: =ROUND((K33*1000000/Population!$C33),0) -> 392 | L99: =ROUND((L33*1000000/Population!$C33),0) -> 302 | M99: =ROUND((M33*1000000/Population!$C33),0) -> 241 | N99: =ROUND((N33*1000000/Population!$C33),0) -> 229 | ... P99: =ROUND((P33*1000000/Population!$C33),0) -> 573
B100: 2001^ | D100: =ROUND((D34*1000000/Population!$C34),0) -> 9445 | E100: =ROUND((E34*1000000/Population!$C34),0) -> 11243 | G100: =ROUND((G34*1000000/Population!$C34),0) -> 3560 | H100: =ROUND((H34*1000000/Population!$C34),0) -> 1721 | I100: =ROUND((I34*1000000/Population!$C34),0) -> 1585 | J100: =ROUND((J34*1000000/Population!$C34),0) -> 555 | K100: =ROUND((K34*1000000/Population!$C34),0) -> 398 | L100: =ROUND((L34*1000000/Population!$C34),0) -> 321 | M100: =ROUND((M34*1000000/Population!$C34),0) -> 234 | N100: =ROUND((N34*1000000/Population!$C34),0) -> 268 | ... P100: =ROUND((P34*1000000/Population!$C34),0) -> 595
B101: 2002^ | D101: =ROUND((D35*1000000/Population!$C35),0) -> 9581 | E101: =ROUND((E35*1000000/Population!$C35),0) -> 12056 | G101: =ROUND((G35*1000000/Population!$C35),0) -> 3617 | H101: =ROUND((H35*1000000/Population!$C35),0) -> 1796 | I101: =ROUND((I35*1000000/Population!$C35),0) -> 1653 | J101: =ROUND((J35*1000000/Population!$C35),0) -> 483 | K101: =ROUND((K35*1000000/Population!$C35),0) -> 443 | L101: =ROUND((L35*1000000/Population!$C35),0) -> 297 | M101: =ROUND((M35*1000000/Population!$C35),0) -> 253 | N101: =ROUND((N35*1000000/Population!$C35),0) -> 259 | ... P101: =ROUND((P35*1000000/Population!$C35),0) -> 541
B102: 2003^ | D102: =ROUND((D36*1000000/Population!$C36),0) -> 10000 | E102: =ROUND((E36*1000000/Population!$C36),0) -> 13021 | G102: =ROUND((G36*1000000/Population!$C36),0) -> 3622 | H102: =ROUND((H36*1000000/Population!$C36),0) -> 1880 | I102: =ROUND((I36*1000000/Population!$C36),0) -> 1759 | J102: =ROUND((J36*1000000/Population!$C36),0) -> 534 | K102: =ROUND((K36*1000000/Population!$C36),0) -> 435 | L102: =ROUND((L36*1000000/Population!$C36),0) -> 301 | M102: =ROUND((M36*1000000/Population!$C36),0) -> 353 | N102: =ROUND((N36*1000000/Population!$C36),0) -> 264 | ... P102: =ROUND((P36*1000000/Population!$C36),0) -> 592
B103: 2004^ | D103: =ROUND((D37*1000000/Population!$C37),0) -> 10314 | E103: =ROUND((E37*1000000/Population!$C37),0) -> 13104 | G103: =ROUND((G37*1000000/Population!$C37),0) -> 3656 | H103: =ROUND((H37*1000000/Population!$C37),0) -> 1997 | I103: =ROUND((I37*1000000/Population!$C37),0) -> 1868 | J103: =ROUND((J37*1000000/Population!$C37),0) -> 515 | K103: =ROUND((K37*1000000/Population!$C37),0) -> 454 | L103: =ROUND((L37*1000000/Population!$C37),0) -> 323 | M103: =ROUND((M37*1000000/Population!$C37),0) -> 360 | N103: =ROUND((N37*1000000/Population!$C37),0) -> 294 | ... P103: =ROUND((P37*1000000/Population!$C37),0) -> 555
A104: PBE Standards, June Years | B104: 2005^ | D104: =ROUND((D38*1000000/Population!$C38),0) -> 10858 | E104: =ROUND((E38*1000000/Population!$C38),0) -> 14025 | G104: =ROUND((G38*1000000/Population!$C38),0) -> 3708 | H104: =ROUND((H38*1000000/Population!$C38),0) -> 2143 | I104: =ROUND((I38*1000000/Population!$C38),0) -> 1928 | J104: =ROUND((J38*1000000/Population!$C38),0) -> 624 | K104: =ROUND((K38*1000000/Population!$C38),0) -> 459 | L104: =ROUND((L38*1000000/Population!$C38),0) -> 310 | M104: =ROUND((M38*1000000/Population!$C38),0) -> 398 | N104: =ROUND((N38*1000000/Population!$C38),0) -> 351 | ... P104: =ROUND((P38*1000000/Population!$C38),0) -> 553
B105: 2006^ | D105: =ROUND((D39*1000000/Population!$C39),0) -> 11797 | E105: =ROUND((E39*1000000/Population!$C39),0) -> 15311 | G105: =ROUND((G39*1000000/Population!$C39),0) -> 3897 | H105: =ROUND((H39*1000000/Population!$C39),0) -> 2295 | I105: =ROUND((I39*1000000/Population!$C39),0) -> 2383 | J105: =ROUND((J39*1000000/Population!$C39),0) -> 603 | K105: =ROUND((K39*1000000/Population!$C39),0) -> 516 | L105: =ROUND((L39*1000000/Population!$C39),0) -> 332 | M105: =ROUND((M39*1000000/Population!$C39),0) -> 437 | N105: =ROUND((N39*1000000/Population!$C39),0) -> 383 | ... P105: =ROUND((P39*1000000/Population!$C39),0) -> 566
B106: 2007^ | D106: =ROUND((D40*1000000/Population!$C40),0) -> 12780 | E106: =ROUND((E40*1000000/Population!$C40),0) -> 16177 | G106: =ROUND((G40*1000000/Population!$C40),0) -> 4104 | H106: =ROUND((H40*1000000/Population!$C40),0) -> 2461 | I106: =ROUND((I40*1000000/Population!$C40),0) -> 2203 | J106: =ROUND((J40*1000000/Population!$C40),0) -> 1145 | K106: =ROUND((K40*1000000/Population!$C40),0) -> 619 | L106: =ROUND((L40*1000000/Population!$C40),0) -> 361 | M106: =ROUND((M40*1000000/Population!$C40),0) -> 572 | N106: =ROUND((N40*1000000/Population!$C40),0) -> 379 | ... P106: =ROUND((P40*1000000/Population!$C40),0) -> 554
B107: 2008^ | D107: =ROUND((D41*1000000/Population!$C41),0) -> 13372 | E107: =ROUND((E41*1000000/Population!$C41),0) -> 17693 | G107: =ROUND((G41*1000000/Population!$C41),0) -> 4340 | H107: =ROUND((H41*1000000/Population!$C41),0) -> 2662 | I107: =ROUND((I41*1000000/Population!$C41),0) -> 2250 | J107: =ROUND((J41*1000000/Population!$C41),0) -> 794 | K107: =ROUND((K41*1000000/Population!$C41),0) -> 659 | L107: =ROUND((L41*1000000/Population!$C41),0) -> 368 | M107: =ROUND((M41*1000000/Population!$C41),0) -> 529 | N107: =ROUND((N41*1000000/Population!$C41),0) -> 681 | ... P107: =ROUND((P41*1000000/Population!$C41),0) -> 580
B108: 2009^ | D108: =ROUND((D42*1000000/Population!$C42),0) -> 14882 | E108: =ROUND((E42*1000000/Population!$C42),0) -> 19292 | G108: =ROUND((G42*1000000/Population!$C42),0) -> 4635 | H108: =ROUND((H42*1000000/Population!$C42),0) -> 2889 | I108: =ROUND((I42*1000000/Population!$C42),0) -> 2676 | J108: =ROUND((J42*1000000/Population!$C42),0) -> 1236 | K108: =ROUND((K42*1000000/Population!$C42),0) -> 699 | L108: =ROUND((L42*1000000/Population!$C42),0) -> 410 | M108: =ROUND((M42*1000000/Population!$C42),0) -> 622 | N108: =ROUND((N42*1000000/Population!$C42),0) -> 691 | ... P108: =ROUND((P42*1000000/Population!$C42),0) -> 567
...

Sheet Revenue, Surplus measures
A1: Surplus/Deficit, Revenue
A3: $ millions | C3: Surplus/Deficit Measures | I3: Tax and Revenue
C4: Adjusted Financial Balance | D4: Total Crown Operating Balance | E4: Total Crown OBEGALx | F4: Total Crown OBEGAL | G4: Core Crown Residual Cash | I4: Total Crown Tax Receipts | J4: Core Crown Tax Revenue | L4: Cash Receipts | M4: Core Crown Revenue | N4: Total Crown Revenue
A5: Cash, March Years | B5: 1972 | C5: 107.2 | I5: 1707 | L5: 1790
B6: 1973 | C6: 7.2 | I6: 1926.7 | L6: 2013.4
B7: 1974 | C7: 87.7 | I7: 2395 | L7: 2391.6
B8: 1975 | C8: 42.9 | I8: 2865.5 | L8: 3020.6
B9: 1976 | C9: -177.6 | I9: 3185.5 | L9: 3384.4
B10: 1977 | C10: 115.6 | I10: 3845.3 | L10: 4072.5
B11: 1978 | C11: 15.2 | I11: 4626.3 | L11: 4974.3
B12: 1979 | C12: -697.1 | I12: 4989.5 | L12: 5402.4
B13: 1980 | C13: -411.5 | I13: 6019.9 | L13: 6559.7
B14: 1981 | C14: -908.9 | I14: 7050.6 | L14: 7608.4
B15: 1982 | C15: -1029.3 | I15: 8798.2 | L15: 9378.4
B16: 1983 | C16: -1442 | I16: 10097.4 | L16: 10514.4
B17: 1984 | C17: -2275.1 | I17: 10431.4 | L17: 11149.5
... B19: 1986 | C19: -1185.9 | I19: 14235.9 | L19: 15801.3
B20: 1987† | C20: -1830.5 | I20: 17408.1 | L20: 18992.5
B21: 1988† | C21: -1322 | I21: 21528.1 | L21: 23583.7
B22: 1989† | C22: -954.1 | I22: 22864 | L22: 25473.4
A23: Cash, June Years | B23: 1990† | C23: -943.2 | I23: 26198.2 | L23: 28351.2
B24: 1991† | C24: -2558 | I24: 25797 | L24: 29010
B25: 1992† | C25: -2528 | I25: 24843 | L25: 27635
B26: 1993† | C26: -1823 | I26: 25980 | L26: 27629
A27: old-GAAP | B27: 1994* | D27: 755 | F27: -517 | G27: 679 | I27: 27571 | J27: 26542 | M27: 29020
B28: 1995* | D28: 2695 | F28: 2738 | G28: 396 | I28: 29961 | J28: 29026 | M28: 32461
B29: 1996* | D29: 3314 | F29: 2928 | G29: 4932 | I29: 32319 | J29: 30973 | M29: 33799
A30: IFRS, June Years | B30: 1997 | D30: 1863 | F30: 1801 | G30: 3913 | I30: 31731 | J30: 30737 | M30: 33130.962 | N30: 39400.962
B31: 1998 | D31: 2048 | F31: 2345 | G31: 484 | I31: 33059 | J31: 31779 | M31: 34241.947 | N31: 41111.947
B32: 1999 | D32: 1705 | F32: 128 | G32: 2048 | I32: 32384 | J32: 30875 | M32: 32879.571 | N32: 39965.571
B33: 2000 | D33: 1404.58 | F33: 593.58 | G33: -386 | I33: 33864 | J33: 32598 | M33: 34945.526 | N33: 41611.526
B34: 2001^ | D34: 1207.53 | F34: 1421.53 | G34: 349 | I34: 36250 | J34: 35345 | M34: 37841.549 | N34: 44939.549
B35: 2002^ | D35: 2286.4422 | F35: 2471.2152 | G35: 216 | I35: 38862 | J35: 36809 | M35: 39944.685 | N35: 49673.661
B36: 2003^ | D36: 1621.039 | F36: 4365.903 | G36: 1217 | I36: 39842 | J36: 40518 | M36: 43440.393 | N36: 56314.515
B37: 2004^ | D37: 7308.8377 | F37: 5573.1177 | G37: 520 | I37: 42777 | J37: 43358 | M37: 46219.472 | N37: 58783.883
A38: PBE Standards, June Years | B38: 2005^ | D38: 5930.9119 | F38: 7074.7859 | G38: 3104 | I38: 46867 | J38: 47468 | M38: 50809 | N38: 64761
B39: 2006^ | D39: 9541.6391 | F39: 7091.0254 | G39: 2985 | I39: 49706 | J39: 50973 | M39: 55499 | N39: 70794
B40: 2007^ | D40: 8022 | F40: 5860 | G40: 2793 | I40: 52157 | J40: 53477 | M40: 57971 | N40: 73915
B41: 2008^ | D41: 2384 | E41: 5793 | F41: 5637 | G41: 2057 | I41: 55168 | J41: 56747 | M41: 61575 | N41: 80733
B42: 2009^ | D42: -10505 | E42: -3800 | F42: -3893 | G42: -8639 | I42: 51119 | J42: 54681 | M42: 59191 | N42: 78699
B43: 2010^ | D43: -4509 | E43: -7666 | F43: -6315 | G43: -9000 | I43: 50104 | J43: 50744 | M43: 55757 | N43: 73733
B44: 2011^ | D44: -13360 | E44: -19993 | F44: -18396 | G44: -13343 | I44: 50418 | J44: 51557 | M44: 57199 | N44: 80647
B45: 2012^ | D45: -14897 | E45: -11884 | F45: -9240 | G45: -10644 | I45: 53582 | J45: 55081 | M45: 60428 | N45: 82749
B46: 2013^ | D46: 6925 | E46: -5856 | F46: -4414 | G46: -5742 | I46: 56413 | J46: 58651 | M46: 63805 | N46: 85678
B47: 2014^ | D47: 2939 | E47: -3833 | F47: -2802 | G47: -4109 | I47: 59853 | J47: 61563 | M47: 67093 | N47: 88536
B48: 2015^ | D48: 5771 | E48: 333 | F48: 414 | G48: -1827 | I48: 64945 | J48: 66636 | M48: 72213 | N48: 93805
B49: 2016^ | D49: -5369 | E49: 2121 | F49: 1831 | G49: -1322 | I49: 69027 | J49: 70445 | M49: 76121 | N49: 97416
B50: 2017^ | D50: 12317 | E50: 4653 | F50: 4069 | G50: 2574 | I50: 73099 | J50: 75644 | M50: 81782 | N50: 103422
B51: 2018^ | D51: 8396 | E51: 5942 | F51: 5534 | G51: 1346 | I51: 78566 | J51: 80224 | M51: 86778 | N51: 109973
B52: 2019^# | D52: 389 | E52: 8504 | F52: 7429 | G52: -710 | I52: 83017 | J52: 86468 | M52: 93474 | N52: 119142
B53: 2020 | D53: -30040 | E53: -20902 | F53: -23057 | G53: -23692 | I53: 83156 | J53: 85102 | M53: 91923 | N53: 116003
B54: 2021 | D54: 16159 | E54: -2559 | F54: -4560 | G54: -13767 | I54: 95382 | J54: 97983 | M54: 104968 | N54: 129335
B55: 2022 | D55: -16932 | E55: -8664 | F55: -9691 | G55: -27043 | I55: 102712 | J55: 108458 | M55: 117515 | N55: 141627
B56: 2023 | D56: 5321 | E56: -7199 | F56: -9446 | G56: -25648 | I56: 110786 | J56: 112358 | M56: 123398 | N56: 153011
B57: 2024 | D57: -8365 | E57: -8773 | F57: -12854 | G57: -19302 | I57: 116042 | J57: 120566 | M57: 133220 | N57: 167347
B58: 2025 | D58: -4400 | E58: -9306 | F58: -13973 | G58: -5996 | I58: 121183 | J58: 121698 | M58: 134411 | N58: 169811
A60: * GAAP data for Total Crown Operating Balance, core Crown tax Revenue and core Crown Revenue for these years has not been backdated on IFRS basis
A61: † Data for receipts and revenue for these years include GST paid on government purchases
A62: See | B62: magnitude of difference in 1994 in transition from cash to accrual
A63: ^ Total Crown revenue has been restated to exclude Income Related Rent Subsidy between government reporting entities
A64: # 2019 results have been restated in the adoption of new PBE standards. Further information can be found in note 28 of the 2019/20 financial statements of government.
A68: $ per capita | C68: Surplus/Deficit Measures | I68: Tax and Revenue
C69: Adjusted Financial Balance | D69: Total Crown Operating Balance | F69: Total Crown OBEGAL | G69: Core Crown Residual Cash | I69: Tax Receipts | J69: Core Crown Tax Revenue | L69: Cash Receipts | M69: Core Crown Revenue | N69: Total Crown Revenue
A70: Cash, March Years | B70: 1972
B71: 1973
B72: 1974
B73: 1975
B74: 1976
B75: 1977
B76: 1978
B77: 1979
B78: 1980
B79: 1981
B80: 1982
B81: 1983
B82: 1984
... B84: 1986
B85: 1987†
B86: 1988†
B87: 1989†
A88: Cash, June Years | B88: 1990†
B89: 1991†
B90: 1992† | C90: =ROUND(('Revenue, Surplus measures'!C25*1000000/Population!$C25),0) -> -719 | I90: =ROUND(('Revenue, Surplus measures'!I25*1000000/Population!$C25),0) -> 7068 | L90: =ROUND(('Revenue, Surplus measures'!L25*1000000/Population!$C25),0) -> 7862
B91: 1993† | C91: =ROUND(('Revenue, Surplus measures'!C26*1000000/Population!$C26),0) -> -513 | I91: =ROUND(('Revenue, Surplus measures'!I26*1000000/Population!$C26),0) -> 7314 | L91: =ROUND(('Revenue, Surplus measures'!L26*1000000/Population!$C26),0) -> 7778
A92: IFRS, June Years | B92: 1994* | D92: =ROUND(('Revenue, Surplus measures'!D27*1000000/Population!$C27),0) -> 210 | F92: =ROUND(('Revenue, Surplus measures'!F27*1000000/Population!$C27),0) -> -144 | G92: =ROUND(('Revenue, Surplus measures'!G27*1000000/Population!$C27),0) -> 189 | I92: =ROUND(('Revenue, Surplus measures'!I27*1000000/Population!$C27),0) -> 7665 | J92: =ROUND(('Revenue, Surplus measures'!J27*1000000/Population!$C27),0) -> 7379 | M92: =ROUND(('Revenue, Surplus measures'!M27*1000000/Population!$C27),0) -> 8068
B93: 1995* | D93: =ROUND(('Revenue, Surplus measures'!D28*1000000/Population!$C28),0) -> 739 | F93: =ROUND(('Revenue, Surplus measures'!F28*1000000/Population!$C28),0) -> 751 | G93: =ROUND(('Revenue, Surplus measures'!G28*1000000/Population!$C28),0) -> 109 | I93: =ROUND(('Revenue, Surplus measures'!I28*1000000/Population!$C28),0) -> 8214 | J93: =ROUND(('Revenue, Surplus measures'!J28*1000000/Population!$C28),0) -> 7958 | M93: =ROUND(('Revenue, Surplus measures'!M28*1000000/Population!$C28),0) -> 8899
B94: 1996* | D94: =ROUND(('Revenue, Surplus measures'!D29*1000000/Population!$C29),0) -> 894 | F94: =ROUND(('Revenue, Surplus measures'!F29*1000000/Population!$C29),0) -> 790 | G94: =ROUND(('Revenue, Surplus measures'!G29*1000000/Population!$C29),0) -> 1331 | I94: =ROUND(('Revenue, Surplus measures'!I29*1000000/Population!$C29),0) -> 8722 | J94: =ROUND(('Revenue, Surplus measures'!J29*1000000/Population!$C29),0) -> 8359 | M94: =ROUND(('Revenue, Surplus measures'!M29*1000000/Population!$C29),0) -> 9122
B95: 1997 | D95: =ROUND(('Revenue, Surplus measures'!D30*1000000/Population!$C30),0) -> 495 | F95: =ROUND(('Revenue, Surplus measures'!F30*1000000/Population!$C30),0) -> 479 | G95: =ROUND(('Revenue, Surplus measures'!G30*1000000/Population!$C30),0) -> 1041 | I95: =ROUND(('Revenue, Surplus measures'!I30*1000000/Population!$C30),0) -> 8439 | J95: =ROUND(('Revenue, Surplus measures'!J30*1000000/Population!$C30),0) -> 8175 | M95: =ROUND(('Revenue, Surplus measures'!M30*1000000/Population!$C30),0) -> 8812 | N95: =ROUND(('Revenue, Surplus measures'!N30*1000000/Population!$C30),0) -> 10479
B96: 1998 | D96: =ROUND(('Revenue, Surplus measures'!D31*1000000/Population!$C31),0) -> 539 | F96: =ROUND(('Revenue, Surplus measures'!F31*1000000/Population!$C31),0) -> 617 | G96: =ROUND(('Revenue, Surplus measures'!G31*1000000/Population!$C31),0) -> 127 | I96: =ROUND(('Revenue, Surplus measures'!I31*1000000/Population!$C31),0) -> 8698 | J96: =ROUND(('Revenue, Surplus measures'!J31*1000000/Population!$C31),0) -> 8361 | M96: =ROUND(('Revenue, Surplus measures'!M31*1000000/Population!$C31),0) -> 9009 | N96: =ROUND(('Revenue, Surplus measures'!N31*1000000/Population!$C31),0) -> 10817
B97: 1999 | D97: =ROUND(('Revenue, Surplus measures'!D32*1000000/Population!$C32),0) -> 446 | F97: =ROUND(('Revenue, Surplus measures'!F32*1000000/Population!$C32),0) -> 33 | G97: =ROUND(('Revenue, Surplus measures'!G32*1000000/Population!$C32),0) -> 535 | I97: =ROUND(('Revenue, Surplus measures'!I32*1000000/Population!$C32),0) -> 8462 | J97: =ROUND(('Revenue, Surplus measures'!J32*1000000/Population!$C32),0) -> 8068 | M97: =ROUND(('Revenue, Surplus measures'!M32*1000000/Population!$C32),0) -> 8591 | N97: =ROUND(('Revenue, Surplus measures'!N32*1000000/Population!$C32),0) -> 10443
B98: 2000 | D98: =ROUND(('Revenue, Surplus measures'!D33*1000000/Population!$C33),0) -> 365 | F98: =ROUND(('Revenue, Surplus measures'!F33*1000000/Population!$C33),0) -> 154 | G98: =ROUND(('Revenue, Surplus measures'!G33*1000000/Population!$C33),0) -> -100 | I98: =ROUND(('Revenue, Surplus measures'!I33*1000000/Population!$C33),0) -> 8799 | J98: =ROUND(('Revenue, Surplus measures'!J33*1000000/Population!$C33),0) -> 8470 | M98: =ROUND(('Revenue, Surplus measures'!M33*1000000/Population!$C33),0) -> 9080 | N98: =ROUND(('Revenue, Surplus measures'!N33*1000000/Population!$C33),0) -> 10812
B99: 2001^ | D99: =ROUND(('Revenue, Surplus measures'!D34*1000000/Population!$C34),0) -> 312 | F99: =ROUND(('Revenue, Surplus measures'!F34*1000000/Population!$C34),0) -> 367 | G99: =ROUND(('Revenue, Surplus measures'!G34*1000000/Population!$C34),0) -> 90 | I99: =ROUND(('Revenue, Surplus measures'!I34*1000000/Population!$C34),0) -> 9365 | J99: =ROUND(('Revenue, Surplus measures'!J34*1000000/Population!$C34),0) -> 9131 | M99: =ROUND(('Revenue, Surplus measures'!M34*1000000/Population!$C34),0) -> 9776 | N99: =ROUND(('Revenue, Surplus measures'!N34*1000000/Population!$C34),0) -> 11610
B100: 2002^ | D100: =ROUND(('Revenue, Surplus measures'!D35*1000000/Population!$C35),0) -> 584 | F100: =ROUND(('Revenue, Surplus measures'!F35*1000000/Population!$C35),0) -> 631 | G100: =ROUND(('Revenue, Surplus measures'!G35*1000000/Population!$C35),0) -> 55 | I100: =ROUND(('Revenue, Surplus measures'!I35*1000000/Population!$C35),0) -> 9925 | J100: =ROUND(('Revenue, Surplus measures'!J35*1000000/Population!$C35),0) -> 9401 | M100: =ROUND(('Revenue, Surplus measures'!M35*1000000/Population!$C35),0) -> 10202 | N100: =ROUND(('Revenue, Surplus measures'!N35*1000000/Population!$C35),0) -> 12687
B101: 2003^ | D101: =ROUND(('Revenue, Surplus measures'!D36*1000000/Population!$C36),0) -> 406 | F101: =ROUND(('Revenue, Surplus measures'!F36*1000000/Population!$C36),0) -> 1094 | G101: =ROUND(('Revenue, Surplus measures'!G36*1000000/Population!$C36),0) -> 305 | I101: =ROUND(('Revenue, Surplus measures'!I36*1000000/Population!$C36),0) -> 9986 | J101: =ROUND(('Revenue, Surplus measures'!J36*1000000/Population!$C36),0) -> 10156 | M101: =ROUND(('Revenue, Surplus measures'!M36*1000000/Population!$C36),0) -> 10888 | N101: =ROUND(('Revenue, Surplus measures'!N36*1000000/Population!$C36),0) -> 14115
B102: 2004^ | D102: =ROUND(('Revenue, Surplus measures'!D37*1000000/Population!$C37),0) -> 1800 | F102: =ROUND(('Revenue, Surplus measures'!F37*1000000/Population!$C37),0) -> 1372 | G102: =ROUND(('Revenue, Surplus measures'!G37*1000000/Population!$C37),0) -> 128 | I102: =ROUND(('Revenue, Surplus measures'!I37*1000000/Population!$C37),0) -> 10535 | J102: =ROUND(('Revenue, Surplus measures'!J37*1000000/Population!$C37),0) -> 10678 | M102: =ROUND(('Revenue, Surplus measures'!M37*1000000/Population!$C37),0) -> 11382 | N102: =ROUND(('Revenue, Surplus measures'!N37*1000000/Population!$C37),0) -> 14477
A103: PBE Standards, June Years | B103: 2005^ | D103: =ROUND(('Revenue, Surplus measures'!D38*1000000/Population!$C38),0) -> 1442 | F103: =ROUND(('Revenue, Surplus measures'!F38*1000000/Population!$C38),0) -> 1720 | G103: =ROUND(('Revenue, Surplus measures'!G38*1000000/Population!$C38),0) -> 755 | I103: =ROUND(('Revenue, Surplus measures'!I38*1000000/Population!$C38),0) -> 11395 | J103: =ROUND(('Revenue, Surplus measures'!J38*1000000/Population!$C38),0) -> 11541 | M103: =ROUND(('Revenue, Surplus measures'!M38*1000000/Population!$C38),0) -> 12353 | N103: =ROUND(('Revenue, Surplus measures'!N38*1000000/Population!$C38),0) -> 15745
B104: 2006^ | D104: =ROUND(('Revenue, Surplus measures'!D39*1000000/Population!$C39),0) -> 2293 | F104: =ROUND(('Revenue, Surplus measures'!F39*1000000/Population!$C39),0) -> 1704 | G104: =ROUND(('Revenue, Surplus measures'!G39*1000000/Population!$C39),0) -> 717 | I104: =ROUND(('Revenue, Surplus measures'!I39*1000000/Population!$C39),0) -> 11947 | J104: =ROUND(('Revenue, Surplus measures'!J39*1000000/Population!$C39),0) -> 12251 | M104: =ROUND(('Revenue, Surplus measures'!M39*1000000/Population!$C39),0) -> 13339 | N104: =ROUND(('Revenue, Surplus measures'!N39*1000000/Population!$C39),0) -> 17015
B105: 2007^ | D105: =ROUND(('Revenue, Surplus measures'!D40*1000000/Population!$C40),0) -> 1907 | F105: =ROUND(('Revenue, Surplus measures'!F40*1000000/Population!$C40),0) -> 1393 | G105: =ROUND(('Revenue, Surplus measures'!G40*1000000/Population!$C40),0) -> 664 | I105: =ROUND(('Revenue, Surplus measures'!I40*1000000/Population!$C40),0) -> 12398 | J105: =ROUND(('Revenue, Surplus measures'!J40*1000000/Population!$C40),0) -> 12711 | M105: =ROUND(('Revenue, Surplus measures'!M40*1000000/Population!$C40),0) -> 13780 | N105: =ROUND(('Revenue, Surplus measures'!N40*1000000/Population!$C40),0) -> 17570
B106: 2008^ | D106: =ROUND(('Revenue, Surplus measures'!D41*1000000/Population!$C41),0) -> 562 | E106: =ROUND(('Revenue, Surplus measures'!E41*1000000/Population!$C41),0) -> 1365 | F106: =ROUND(('Revenue, Surplus measures'!F41*1000000/Population!$C41),0) -> 1328 | G106: =ROUND(('Revenue, Surplus measures'!G41*1000000/Population!$C41),0) -> 485 | I106: =ROUND(('Revenue, Surplus measures'!I41*1000000/Population!$C41),0) -> 12998 | J106: =ROUND(('Revenue, Surplus measures'!J41*1000000/Population!$C41),0) -> 13370 | M106: =ROUND(('Revenue, Surplus measures'!M41*1000000/Population!$C41),0) -> 14508 | N106: =ROUND(('Revenue, Surplus measures'!N41*1000000/Population!$C41),0) -> 19022
B107: 2009^ | D107: =ROUND(('Revenue, Surplus measures'!D42*1000000/Population!$C42),0) -> -2454 | E107: =ROUND(('Revenue, Surplus measures'!E42*1000000/Population!$C42),0) -> -888 | F107: =ROUND(('Revenue, Surplus measures'!F42*1000000/Population!$C42),0) -> -909 | G107: =ROUND(('Revenue, Surplus measures'!G42*1000000/Population!$C42),0) -> -2018 | I107: =ROUND(('Revenue, Surplus measures'!I42*1000000/Population!$C42),0) -> 11941 | J107: =ROUND(('Revenue, Surplus measures'!J42*1000000/Population!$C42),0) -> 12773 | M107: =ROUND(('Revenue, Surplus measures'!M42*1000000/Population!$C42),0) -> 13826 | N107: =ROUND(('Revenue, Surplus measures'!N42*1000000/Population!$C42),0) -> 18383
...

Sheet Debt, Net Worth
A1: Gross Debt, Net Debt, Net Worth
A3: $ millions | C3: Gross Debt Measures | G3: Net Worth | J3: Net Debt Measures
C4: Total Crown Borrowings | D4: Gross Sovereign-issued Debt | E4: Gross debt | G4: Total Crown Net Worth | H4: Net Worth attributable to the Crown | J4: (Former) Core Crown Net Debt | K4: Core Crown Net Debt | L4: Net Debt
A5: Cash, March Years | B5: 1972 | D5: 3186.5 | E5: 3186.5 | J5: 405.083
B6: 1973 | D6: 3503.1 | E6: 3503.1 | J6: 466.983
B7: 1974 | D7: 3734.5 | E7: 3734.5 | J7: 408.695
B8: 1975 | D8: 4199.7 | E8: 4199.7 | J8: 501
B9: 1976 | D9: 5557.9 | E9: 5557.9 | J9: 985.8
B10: 1977 | D10: 6289.2 | E10: 6289.2 | J10: 1069.4
B11: 1978 | D11: 7483.8 | E11: 7483.8 | J11: 1339.3
B12: 1979 | D12: 8819.5 | E12: 8819.5 | J12: 2548.273
B13: 1980 | D13: 10346.4 | E13: 10346.4 | J13: 3226.4
B14: 1981 | D14: 11617.1 | E14: 11617.1 | J14: 4063.729
B15: 1982 | D15: 14381.4 | E15: 14381.4 | J15: 5903.384
B16: 1983 | D16: 18732.8 | E16: 18732.8 | J16: 8959.4
B17: 1984 | D17: 21878.7 | E17: 21878.7 | J17: 11029.37
... B22: 1989 | D22: 39721 | E22: 39721 | J22: 29933.637
A23: Cash, June Years | B23: 1990 | D23: 44347 | E23: 44347 | J23: 35705.695
B24: 1991 | D24: 43935 | E24: 43935 | J24: 34071.669
B25: 1992 | D25: 47105 | E25: 47105 | J25: 38414.798 | K25: 42171.798
B26: 1993 | D26: 47478 | E26: 47478 | J26: 37196 | K26: 40262
A27: IFRS, June Years | B27: 1994 | C27: 47873 | D27: 46429 | E27: 46429 | G27: -3294.9774 | J27: 35423 | K27: 38980
B28: 1995 | C28: 46145 | D28: 44529.609 | E28: 44529.609 | G28: 1438.8045 | J28: 32969.509 | K28: 38680.509
B29: 1996 | C29: 43663 | D29: 41900.731 | E29: 41900.731 | G29: 7991.1805 | J29: 28986.329 | K29: 33835.329
B30: 1997 | C30: 38968.273 | D30: 36236.273 | E30: 36236.273 | G30: 12167.053 | J30: 25561.781 | K30: 30316.781
B31: 1998 | C31: 40593.788 | D31: 38474.788 | E31: 38474.788 | G31: 14573.639 | J31: 24635.057 | K31: 30472.057
B32: 1999 | C32: 38715.333 | D32: 37307.333 | E32: 37307.333 | G32: 10792.992 | J32: 22274.782 | K32: 25922.782
B33: 2000 | C33: 37526.976 | D33: 36579.976 | E33: 36579.976 | G33: 12605.073 | J33: 21900.256 | K33: 25895.256
B34: 2001 | C34: 38129.834 | D34: 37193.834 | E34: 37193.834 | G34: 15450.219 | J34: 20292.976 | K34: 24907.976
B35: 2002 | C35: 38492.456 | D35: 36650.486 | E35: 36650.486 | G35: 22824.599 | H35: 22719 | J35: 19665.752 | K35: 25387.752
B36: 2003 | C36: 39327.22 | D36: 36617.22 | E36: 36617.22 | G36: 28012.28 | H36: 27918 | J36: 17976.723 | K36: 24530.723
B37: 2004 | C37: 37719.796 | D37: 36017.288 | E37: 36017.288 | G37: 39595.001 | H37: 39456 | J37: 15569.185 | K37: 23858.185
A38: PBE Standards, June Years | B38: 2005 | C38: 37728.361 | D38: 35477.834 | E38: 35477.834 | G38: 54240.469 | H38: 54025 | J38: 11092.976 | K38: 19878.976
B39: 2006 | C39: 40003.91 | D39: 35866.902 | E39: 33902.902 | G39: 83971 | H39: 83678 | J39: 8043.693 | K39: 16162.693
B40: 2007 | C40: 41898 | D40: 36805 | E40: 30647 | G40: 96827 | H40: 96458 | J40: 4109 | K40: 13380
B41: 2008 | C41: 46110 | D41: 37745 | E41: 31390 | G41: 105514 | H41: 105132 | J41: -19 | K41: 10258 | L41: -9479.943
B42: 2009 | C42: 61953 | D42: 50973 | E42: 43356 | G42: 99515 | H42: 99068 | J42: 6690 | K42: 17119 | L42: -1711.009
B43: 2010 | C43: 69733 | D43: 58891 | E43: 53591 | G43: 94988 | H43: 94586 | J43: 15871 | K43: 26738 | L43: 5124.895
B44: 2011 | C44: 90245 | D44: 77290 | E44: 72420 | G44: 80887 | H44: 80579 | J44: 28049 | K44: 40128 | L44: 14554.494
B45: 2012 | C45: 100534 | D45: 84168 | E45: 79635 | G45: 59780 | H45: 59348 | J45: 37347 | K45: 50671 | L45: 23893.395
B46: 2013 | C46: 100087 | D46: 84286 | E46: 77984 | G46: 70011 | H46: 68071 | J46: 42709 | K46: 55835 | L46: 25298.399
B47: 2014 | C47: 103419 | D47: 88468 | E47: 81956 | G47: 80697 | H47: 75486 | J47: 46178 | K47: 59931 | L47: 25207.866
B48: 2015 | C48: 112580 | D48: 93156 | E48: 86125 | G48: 92236 | H48: 86454 | J48: 46491 | K48: 60631 | L48: 22824.858
B49: 2016 | C49: 113956 | D49: 93283 | E49: 86928 | G49: 95521 | H49: 89366 | J49: 47268 | K49: 61880 | L49: 23192.833
B50: 2017 | C50: 111806 | D50: 92620 | E50: 87141 | G50: 116472 | H50: 110532 | J50: 47466 | K50: 59480 | L50: 16248.604
B51: 2018 | C51: 115652 | D51: 95437 | E51: 88053 | G51: 135637 | H51: 129644 | J51: 45246 | K51: 57495 | L51: 11218.778
B52: 2019 | C52: 110248 | D52: 90930 | E52: 84449 | G52: 143339 | H52: 136949 | J52: 43891 | K52: 57736 | L52: 5432.286
B53: 2020 | C53: 152717 | D53: 124145 | E53: 102257 | G53: 115943 | H53: 110320 | J53: =124145-102169+46843 -> 68819 | K53: 83375 | L53: 35710.486
B54: 2021 | C54: 162560 | D54: 131256 | E54: 100835 | G54: 157193 | H54: 151469 | J54: 83352 | K54: 102080 | L54: 35921
B55: 2022 | C55: 203965 | D55: 164038 | E55: 118950 | G55: 174319 | H55: 167036 | J55: 102770 | K55: 128873 | L55: 61850
B56: 2023* | C56: 226755 | E56: 135789 | G56: 191472 | H56: 183514 | K56: 155273 | L56: 71367
B57: 2024 | C57: 250943 | E57: 175966 | G57: 191049 | H57: 181818 | K57: 175464 | L57: 82197
B58: 2025 | C58: 272085 | E58: 203688 | G58: 189128 | H58: 179260 | K58: 182171 | L58: 88719
B60: * As part of a review of the fiscal indicators through the Budget 2022, the Gross Sovereign-issued Debt and the (former) Core Crown Net Debt (column J) measures are no longer published indicators.
A62: $ per capita | C62: Gross Debt Measures | G62: Net Worth | J62: Net Debt Measures
C63: Total Crown Borrowings | D63: Gross Sovereign-issued Debt | E63: Gross debt | G63: Total Crown Net Worth | H63: Net Worth attributable to the Crown | J63: (Former) Core Crown Net Debt | K63: Core Crown Net Debt | L63: Net Debt
A64: Cash, March Years | B64: 1972
B65: 1973
B66: 1974
B67: 1975
B68: 1976
B69: 1977
B70: 1978
B71: 1979
B72: 1980
B73: 1981
B74: 1982
B75: 1983
B76: 1984
... B81: 1989
A82: Cash, June Years | B82: 1990
B83: 1991
B84: 1992 | D84: =ROUND((D25*1000000/Population!$C25),0) -> 13401 | E84: =ROUND((E25*1000000/Population!$C25),0) -> 13401 | J84: =ROUND((J25*1000000/Population!$C25),0) -> 10929 | L84: =ROUND((L25*1000000/Population!$C25),0) -> 0
B85: 1993 | D85: =ROUND((D26*1000000/Population!$C26),0) -> 13366 | E85: =ROUND((E26*1000000/Population!$C26),0) -> 13366 | J85: =ROUND((J26*1000000/Population!$C26),0) -> 10472 | L85: =ROUND((L26*1000000/Population!$C26),0) -> 0
A86: IFRS, June Years | B86: 1994 | C86: =ROUND((C27*1000000/Population!$C27),0) -> 13309 | D86: =ROUND((D27*1000000/Population!$C27),0) -> 12907 | E86: =ROUND((E27*1000000/Population!$C27),0) -> 12907 | G86: =ROUND((G27*1000000/Population!$C27),0) -> -916 | J86: =ROUND((J27*1000000/Population!$C27),0) -> 9848 | L86: =ROUND((L27*1000000/Population!$C27),0) -> 0
B87: 1995 | C87: =ROUND((C28*1000000/Population!$C28),0) -> 12651 | D87: =ROUND((D28*1000000/Population!$C28),0) -> 12208 | E87: =ROUND((E28*1000000/Population!$C28),0) -> 12208 | G87: =ROUND((G28*1000000/Population!$C28),0) -> 394 | J87: =ROUND((J28*1000000/Population!$C28),0) -> 9039 | L87: =ROUND((L28*1000000/Population!$C28),0) -> 0
B88: 1996 | C88: =ROUND((C29*1000000/Population!$C29),0) -> 11784 | D88: =ROUND((D29*1000000/Population!$C29),0) -> 11308 | E88: =ROUND((E29*1000000/Population!$C29),0) -> 11308 | G88: =ROUND((G29*1000000/Population!$C29),0) -> 2157 | J88: =ROUND((J29*1000000/Population!$C29),0) -> 7823 | L88: =ROUND((L29*1000000/Population!$C29),0) -> 0
B89: 1997 | C89: =ROUND((C30*1000000/Population!$C30),0) -> 10364 | D89: =ROUND((D30*1000000/Population!$C30),0) -> 9638 | E89: =ROUND((E30*1000000/Population!$C30),0) -> 9638 | G89: =ROUND((G30*1000000/Population!$C30),0) -> 3236 | J89: =ROUND((J30*1000000/Population!$C30),0) -> 6799 | L89: =ROUND((L30*1000000/Population!$C30),0) -> 0
B90: 1998 | C90: =ROUND((C31*1000000/Population!$C31),0) -> 10680 | D90: =ROUND((D31*1000000/Population!$C31),0) -> 10123 | E90: =ROUND((E31*1000000/Population!$C31),0) -> 10123 | G90: =ROUND((G31*1000000/Population!$C31),0) -> 3834 | J90: =ROUND((J31*1000000/Population!$C31),0) -> 6482 | L90: =ROUND((L31*1000000/Population!$C31),0) -> 0
B91: 1999 | C91: =ROUND((C32*1000000/Population!$C32),0) -> 10116 | D91: =ROUND((D32*1000000/Population!$C32),0) -> 9748 | E91: =ROUND((E32*1000000/Population!$C32),0) -> 9748 | G91: =ROUND((G32*1000000/Population!$C32),0) -> 2820 | J91: =ROUND((J32*1000000/Population!$C32),0) -> 5820 | L91: =ROUND((L32*1000000/Population!$C32),0) -> 0
B92: 2000 | C92: =ROUND((C33*1000000/Population!$C33),0) -> 9751 | D92: =ROUND((D33*1000000/Population!$C33),0) -> 9505 | E92: =ROUND((E33*1000000/Population!$C33),0) -> 9505 | G92: =ROUND((G33*1000000/Population!$C33),0) -> 3275 | J92: =ROUND((J33*1000000/Population!$C33),0) -> 5690 | L92: =ROUND((L33*1000000/Population!$C33),0) -> 0
B93: 2001 | C93: =ROUND((C34*1000000/Population!$C34),0) -> 9851 | D93: =ROUND((D34*1000000/Population!$C34),0) -> 9609 | E93: =ROUND((E34*1000000/Population!$C34),0) -> 9609 | G93: =ROUND((G34*1000000/Population!$C34),0) -> 3991 | J93: =ROUND((J34*1000000/Population!$C34),0) -> 5243 | L93: =ROUND((L34*1000000/Population!$C34),0) -> 0
B94: 2002 | C94: =ROUND((C35*1000000/Population!$C35),0) -> 9831 | D94: =ROUND((D35*1000000/Population!$C35),0) -> 9361 | E94: =ROUND((E35*1000000/Population!$C35),0) -> 9361 | G94: =ROUND((G35*1000000/Population!$C35),0) -> 5829 | H94: =ROUND((H35*1000000/Population!$C35),0) -> 5802 | J94: =ROUND((J35*1000000/Population!$C35),0) -> 5023 | L94: =ROUND((L35*1000000/Population!$C35),0) -> 0
B95: 2003 | C95: =ROUND((C36*1000000/Population!$C36),0) -> 9857 | D95: =ROUND((D36*1000000/Population!$C36),0) -> 9178 | E95: =ROUND((E36*1000000/Population!$C36),0) -> 9178 | G95: =ROUND((G36*1000000/Population!$C36),0) -> 7021 | H95: =ROUND((H36*1000000/Population!$C36),0) -> 6998 | J95: =ROUND((J36*1000000/Population!$C36),0) -> 4506 | L95: =ROUND((L36*1000000/Population!$C36),0) -> 0
B96: 2004 | C96: =ROUND((C37*1000000/Population!$C37),0) -> 9289 | D96: =ROUND((D37*1000000/Population!$C37),0) -> 8870 | E96: =ROUND((E37*1000000/Population!$C37),0) -> 8870 | G96: =ROUND((G37*1000000/Population!$C37),0) -> 9751 | H96: =ROUND((H37*1000000/Population!$C37),0) -> 9717 | J96: =ROUND((J37*1000000/Population!$C37),0) -> 3834 | L96: =ROUND((L37*1000000/Population!$C37),0) -> 0
A97: PBE Standards, June Years | B97: 2005 | C97: =ROUND((C38*1000000/Population!$C38),0) -> 9173 | D97: =ROUND((D38*1000000/Population!$C38),0) -> 8626 | E97: =ROUND((E38*1000000/Population!$C38),0) -> 8626 | G97: =ROUND((G38*1000000/Population!$C38),0) -> 13187 | H97: =ROUND((H38*1000000/Population!$C38),0) -> 13135 | J97: =ROUND((J38*1000000/Population!$C38),0) -> 2697 | K97: =ROUND((K38*1000000/Population!$C38),0) -> 4833 | L97: =ROUND((L38*1000000/Population!$C38),0) -> 0
B98: 2006 | C98: =ROUND((C39*1000000/Population!$C39),0) -> 9615 | D98: =ROUND((D39*1000000/Population!$C39),0) -> 8621 | E98: =ROUND((E39*1000000/Population!$C39),0) -> 8149 | G98: =ROUND((G39*1000000/Population!$C39),0) -> 20182 | H98: =ROUND((H39*1000000/Population!$C39),0) -> 20112 | J98: =ROUND((J39*1000000/Population!$C39),0) -> 1933 | K98: =ROUND((K39*1000000/Population!$C39),0) -> 3885 | L98: =ROUND((L39*1000000/Population!$C39),0) -> 0
B99: 2007 | C99: =ROUND((C40*1000000/Population!$C40),0) -> 9959 | D99: =ROUND((D40*1000000/Population!$C40),0) -> 8749 | E99: =ROUND((E40*1000000/Population!$C40),0) -> 7285 | G99: =ROUND((G40*1000000/Population!$C40),0) -> 23016 | H99: =ROUND((H40*1000000/Population!$C40),0) -> 22928 | J99: =ROUND((J40*1000000/Population!$C40),0) -> 977 | K99: =ROUND((K40*1000000/Population!$C40),0) -> 3180 | L99: =ROUND((L40*1000000/Population!$C40),0) -> 0
B100: 2008 | C100: =ROUND((C41*1000000/Population!$C41),0) -> 10864 | D100: =ROUND((D41*1000000/Population!$C41),0) -> 8893 | E100: =ROUND((E41*1000000/Population!$C41),0) -> 7396 | G100: =ROUND((G41*1000000/Population!$C41),0) -> 24860 | H100: =ROUND((H41*1000000/Population!$C41),0) -> 24770 | J100: =ROUND((J41*1000000/Population!$C41),0) -> -4 | K100: =ROUND((K41*1000000/Population!$C41),0) -> 2417 | L100: =ROUND((L41*1000000/Population!$C41),0) -> -2234
B101: 2009 | C101: =ROUND((C42*1000000/Population!$C42),0) -> 14471 | D101: =ROUND((D42*1000000/Population!$C42),0) -> 11907 | E101: =ROUND((E42*1000000/Population!$C42),0) -> 10127 | G101: =ROUND((G42*1000000/Population!$C42),0) -> 23245 | H101: =ROUND((H42*1000000/Population!$C42),0) -> 23141 | J101: =ROUND((J42*1000000/Population!$C42),0) -> 1563 | K101: =ROUND((K42*1000000/Population!$C42),0) -> 3999 | L101: =ROUND((L42*1000000/Population!$C42),0) -> -400
B102: 2010 | C102: =ROUND((C43*1000000/Population!$C43),0) -> 16103 | D102: =ROUND((D43*1000000/Population!$C43),0) -> 13599 | E102: =ROUND((E43*1000000/Population!$C43),0) -> 12376 | G102: =ROUND((G43*1000000/Population!$C43),0) -> 21935 | H102: =ROUND((H43*1000000/Population!$C43),0) -> 21842 | J102: =ROUND((J43*1000000/Population!$C43),0) -> 3665 | K102: =ROUND((K43*1000000/Population!$C43),0) -> 6174 | L102: =ROUND((L43*1000000/Population!$C43),0) -> 1183
B103: 2011 | C103: =ROUND((C44*1000000/Population!$C44),0) -> 20643 | D103: =ROUND((D44*1000000/Population!$C44),0) -> 17680 | E103: =ROUND((E44*1000000/Population!$C44),0) -> 16566 | G103: =ROUND((G44*1000000/Population!$C44),0) -> 18503 | H103: =ROUND((H44*1000000/Population!$C44),0) -> 18432 | J103: =ROUND((J44*1000000/Population!$C44),0) -> 6416 | K103: =ROUND((K44*1000000/Population!$C44),0) -> 9179 | L103: =ROUND((L44*1000000/Population!$C44),0) -> 3329
B104: 2012 | C104: =ROUND((C45*1000000/Population!$C45),0) -> 22856 | D104: =ROUND((D45*1000000/Population!$C45),0) -> 19136 | E104: =ROUND((E45*1000000/Population!$C45),0) -> 18105 | G104: =ROUND((G45*1000000/Population!$C45),0) -> 13591 | H104: =ROUND((H45*1000000/Population!$C45),0) -> 13493 | J104: =ROUND((J45*1000000/Population!$C45),0) -> 8491 | K104: =ROUND((K45*1000000/Population!$C45),0) -> 11520 | L104: =ROUND((L45*1000000/Population!$C45),0) -> 5432
B105: 2013 | C105: =ROUND((C46*1000000/Population!$C46),0) -> 22615 | D105: =ROUND((D46*1000000/Population!$C46),0) -> 19045 | E105: =ROUND((E46*1000000/Population!$C46),0) -> 17621 | G105: =ROUND((G46*1000000/Population!$C46),0) -> 15820 | H105: =ROUND((H46*1000000/Population!$C46),0) -> 15381 | J105: =ROUND((J46*1000000/Population!$C46),0) -> 9650 | K105: =ROUND((K46*1000000/Population!$C46),0) -> 12616 | L105: =ROUND((L46*1000000/Population!$C46),0) -> 5716
B106: 2014 | C106: =ROUND((C47*1000000/Population!$C47),0) -> 23090 | D106: =ROUND((D47*1000000/Population!$C47),0) -> 19752 | E106: =ROUND((E47*1000000/Population!$C47),0) -> 18298 | G106: =ROUND((G47*1000000/Population!$C47),0) -> 18017 | H106: =ROUND((H47*1000000/Population!$C47),0) -> 16854 | J106: =ROUND((J47*1000000/Population!$C47),0) -> 10310 | K106: =ROUND((K47*1000000/Population!$C47),0) -> 13381 | L106: =ROUND((L47*1000000/Population!$C47),0) -> 5628
B107: 2015 | C107: =ROUND((C48*1000000/Population!$C48),0) -> 24662 | D107: =ROUND((D48*1000000/Population!$C48),0) -> 20407 | E107: =ROUND((E48*1000000/Population!$C48),0) -> 18867 | G107: =ROUND((G48*1000000/Population!$C48),0) -> 20205 | H107: =ROUND((H48*1000000/Population!$C48),0) -> 18939 | J107: =ROUND((J48*1000000/Population!$C48),0) -> 10184 | K107: =ROUND((K48*1000000/Population!$C48),0) -> 13282 | L107: =ROUND((L48*1000000/Population!$C48),0) -> 5000
B108: 2016 | C108: =ROUND((C49*1000000/Population!$C49),0) -> 24432 | D108: =ROUND((D49*1000000/Population!$C49),0) -> 20000 | E108: =ROUND((E49*1000000/Population!$C49),0) -> 18637 | G108: =ROUND((G49*1000000/Population!$C49),0) -> 20480 | H108: =ROUND((H49*1000000/Population!$C49),0) -> 19160 | J108: =ROUND((J49*1000000/Population!$C49),0) -> 10134 | K108: =ROUND((K49*1000000/Population!$C49),0) -> 13267 | L108: =ROUND((L49*1000000/Population!$C49),0) -> 4973
B109: 2017 | C109: =ROUND((C50*1000000/Population!$C50),0) -> 23453 | D109: =ROUND((D50*1000000/Population!$C50),0) -> 19428 | E109: =ROUND((E50*1000000/Population!$C50),0) -> 18279 | G109: =ROUND((G50*1000000/Population!$C50),0) -> 24431 | H109: =ROUND((H50*1000000/Population!$C50),0) -> 23185 | J109: =ROUND((J50*1000000/Population!$C50),0) -> 9957 | K109: =ROUND((K50*1000000/Population!$C50),0) -> 12477 | L109: =ROUND((L50*1000000/Population!$C50),0) -> 3408
... B114: 2022 | C114: =ROUND((C55*1000000/Population!$C55),0) -> 40118 | D114: =ROUND((D55*1000000/Population!$C55),0) -> 32265 | E114: =ROUND((E55*1000000/Population!$C55),0) -> 23396 | G114: =ROUND((G55*1000000/Population!$C55),0) -> 34287 | H114: =ROUND((H55*1000000/Population!$C55),0) -> 32855 | J114: =ROUND((J55*1000000/Population!$C55),0) -> 20214 | K114: =ROUND((K55*1000000/Population!$C55),0) -> 25348 | L114: =ROUND((L55*1000000/Population!$C55),0) -> 12165
B115: 2023 | C115: =ROUND((C56*1000000/Population!$C56),0) -> 44199 | E115: =ROUND((E56*1000000/Population!$C56),0) -> 26468 | G115: =ROUND((G56*1000000/Population!$C56),0) -> 37322 | H115: =ROUND((H56*1000000/Population!$C56),0) -> 35771 | K115: =ROUND((K56*1000000/Population!$C56),0) -> 30266 | L115: =ROUND((L56*1000000/Population!$C56),0) -> 13911
...

Sheet NZS Fund series
A1: NZS Fund
A3: $ millions | C3: NZS Fund series
C4: NZS Fund Revenue | D4: Crown contributions to the NZS Fund | E4: NZS Fund Current Tax expense | F4: NZS Fund Other Expenses and movements* | G4: NZS Fund Gains/(losses) | H4: NZS Fund Net worth
A5: Cash, March Years | B5: 1972
B6: 1973
B7: 1974
B8: 1975
B9: 1976
B10: 1977
B11: 1978
B12: 1979
B13: 1980
B14: 1981
B15: 1982
B16: 1983
B17: 1984
... B22: 1989
A23: Cash, June Years | B23: 1990
B24: 1991
B25: 1992
B26: 1993
A27: IFRS, June Years | B27: 1994
B28: 1995
B29: 1996
B30: 1997
B31: 1998
B32: 1999
B33: 2000
B34: 2001
B35: 2002 | C35: 15 | D35: 600 | E35: 0 | F35: 0 | G35: 0 | H35: 615
B36: 2003 | C36: 69 | D36: 1200 | E36: 0 | F36: 0 | G36: 0 | H36: 1884
B37: 2004 | C37: 131 | D37: 1879 | E37: 77 | F37: 7 | G37: 146 | H37: 3956
A38: PBE Standards, June Years | B38: 2005 | C38: 191 | D38: 2107 | E38: 234 | F38: 22 | G38: 557 | H38: 6555
B39: 2006 | C39: 359 | D39: 2337 | E39: 468 | F39: 58 | G39: 1130 | H39: 9855
B40: 2007 | C40: 436 | D40: 2049 | E40: 707 | F40: -28 | G40: 1313 | H40: 12973
B41: 2008 | C41: 385 | D41: 2104 | E41: 237 | F41: 18 | G41: -995 | H41: 14212
B42: 2009 | C42: 383 | D42: 2243 | E42: 4 | F42: -349 | G42: -3495 | H42: 13688
B43: 2010 | C43: 433 | D43: 250 | E43: -27 | F43: 492 | G43: 1750 | H43: 15656
B44: 2011 | C44: 518 | D44: 0 | E44: 872 | F44: 168 | G44: 3518 | H44: 18652
B45: 2012 | C45: 539 | D45: 0 | E45: 160 | F45: 124 | G45: -204 | H45: 18703
B46: 2013 | C46: 595 | D46: 0 | E46: 983 | F46: 140 | G46: 4374 | H46: 22549
B47: 2014 | C47: 767 | D47: 0 | E47: 1074 | F47: 164 | G47: 3735 | H47: 25809
B48: 2015 | C48: 760 | D48: 0 | E48: 46 | F48: 198 | G48: 3156 | H48: 29522
B49: 2016 | C49: 752 | D49: 0 | E49: 512 | F49: 138 | G49: -76 | H49: 29527
B50: 2017 | C50: 833 | D50: 0 | E50: 1139 | F50: 227 | G50: 5512 | H50: 34506
... B58: 2025 | C58: 1784 | D58: 879 | E58: 1755 | F58: 193 | G58: 7313 | H58: 82847
A60: * This includes deferred tax expenses which can be variable year on year.
A62: $ per capita | C62: NZS Fund series
C63: NZS Fund Revenue | D63: Crown contributions to the NZS Fund | E63: NZS Fund Tax expense | F63: NZS Fund Other Expenses and movements | G63: NZS Fund Gains/(losses) | H63: NZS Fund Net worth
A64: Cash, March Years | B64: 1972
B65: 1973
B66: 1974
B67: 1975
B68: 1976
B69: 1977
B70: 1978
B71: 1979
B72: 1980
B73: 1981
B74: 1982
B75: 1983
B76: 1984
... B81: 1989
A82: Cash, June Years | B82: 1990
B83: 1991
B84: 1992
B85: 1993
A86: IFRS, June Years | B86: 1994
B87: 1995
B88: 1996
B89: 1997
B90: 1998
B91: 1999
B92: 2000
B93: 2001
B94: 2002 | C94: =ROUND((C35*1000000/Population!$C35),0) -> 4 | D94: =ROUND((D35*1000000/Population!$C35),0) -> 153 | E94: =ROUND((E35*1000000/Population!$C35),0) -> 0 | F94: =ROUND((F35*1000000/Population!$C35),0) -> 0 | G94: =ROUND((G35*1000000/Population!$C35),0) -> 0 | H94: =ROUND((H35*1000000/Population!$C35),0) -> 157
B95: 2003 | C95: =ROUND((C36*1000000/Population!$C36),0) -> 17 | D95: =ROUND((D36*1000000/Population!$C36),0) -> 301 | E95: =ROUND((E36*1000000/Population!$C36),0) -> 0 | F95: =ROUND((F36*1000000/Population!$C36),0) -> 0 | G95: =ROUND((G36*1000000/Population!$C36),0) -> 0 | H95: =ROUND((H36*1000000/Population!$C36),0) -> 472
B96: 2004 | C96: =ROUND((C37*1000000/Population!$C37),0) -> 32 | D96: =ROUND((D37*1000000/Population!$C37),0) -> 463 | E96: =ROUND((E37*1000000/Population!$C37),0) -> 19 | F96: =ROUND((F37*1000000/Population!$C37),0) -> 2 | G96: =ROUND((G37*1000000/Population!$C37),0) -> 36 | H96: =ROUND((H37*1000000/Population!$C37),0) -> 974
A97: PBE Standards, June Years | B97: 2005 | C97: =ROUND((C38*1000000/Population!$C38),0) -> 46 | D97: =ROUND((D38*1000000/Population!$C38),0) -> 512 | E97: =ROUND((E38*1000000/Population!$C38),0) -> 57 | F97: =ROUND((F38*1000000/Population!$C38),0) -> 5 | G97: =ROUND((G38*1000000/Population!$C38),0) -> 135 | H97: =ROUND((H38*1000000/Population!$C38),0) -> 1594
B98: 2006 | C98: =ROUND((C39*1000000/Population!$C39),0) -> 86 | D98: =ROUND((D39*1000000/Population!$C39),0) -> 562 | E98: =ROUND((E39*1000000/Population!$C39),0) -> 112 | F98: =ROUND((F39*1000000/Population!$C39),0) -> 14 | G98: =ROUND((G39*1000000/Population!$C39),0) -> 272 | H98: =ROUND((H39*1000000/Population!$C39),0) -> 2369
B99: 2007 | C99: =ROUND((C40*1000000/Population!$C40),0) -> 104 | D99: =ROUND((D40*1000000/Population!$C40),0) -> 487 | E99: =ROUND((E40*1000000/Population!$C40),0) -> 168 | F99: =ROUND((F40*1000000/Population!$C40),0) -> -7 | G99: =ROUND((G40*1000000/Population!$C40),0) -> 312 | H99: =ROUND((H40*1000000/Population!$C40),0) -> 3084
B100: 2008 | C100: =ROUND((C41*1000000/Population!$C41),0) -> 91 | D100: =ROUND((D41*1000000/Population!$C41),0) -> 496 | E100: =ROUND((E41*1000000/Population!$C41),0) -> 56 | F100: =ROUND((F41*1000000/Population!$C41),0) -> 4 | G100: =ROUND((G41*1000000/Population!$C41),0) -> -234 | H100: =ROUND((H41*1000000/Population!$C41),0) -> 3348
B101: 2009 | C101: =ROUND((C42*1000000/Population!$C42),0) -> 89 | D101: =ROUND((D42*1000000/Population!$C42),0) -> 524 | E101: =ROUND((E42*1000000/Population!$C42),0) -> 1 | F101: =ROUND((F42*1000000/Population!$C42),0) -> -82 | G101: =ROUND((G42*1000000/Population!$C42),0) -> -816 | H101: =ROUND((H42*1000000/Population!$C42),0) -> 3197
B102: 2010 | C102: =ROUND((C43*1000000/Population!$C43),0) -> 100 | D102: =ROUND((D43*1000000/Population!$C43),0) -> 58 | E102: =ROUND((E43*1000000/Population!$C43),0) -> -6 | F102: =ROUND((F43*1000000/Population!$C43),0) -> 114 | G102: =ROUND((G43*1000000/Population!$C43),0) -> 404 | H102: =ROUND((H43*1000000/Population!$C43),0) -> 3615
B103: 2011 | C103: =ROUND((C44*1000000/Population!$C44),0) -> 118 | D103: =ROUND((D44*1000000/Population!$C44),0) -> 0 | E103: =ROUND((E44*1000000/Population!$C44),0) -> 199 | F103: =ROUND((F44*1000000/Population!$C44),0) -> 38 | G103: =ROUND((G44*1000000/Population!$C44),0) -> 805 | H103: =ROUND((H44*1000000/Population!$C44),0) -> 4267
B104: 2012 | C104: =ROUND((C45*1000000/Population!$C45),0) -> 123 | D104: =ROUND((D45*1000000/Population!$C45),0) -> 0 | E104: =ROUND((E45*1000000/Population!$C45),0) -> 36 | F104: =ROUND((F45*1000000/Population!$C45),0) -> 28 | G104: =ROUND((G45*1000000/Population!$C45),0) -> -46 | H104: =ROUND((H45*1000000/Population!$C45),0) -> 4252
B105: 2013 | C105: =ROUND((C46*1000000/Population!$C46),0) -> 134 | D105: =ROUND((D46*1000000/Population!$C46),0) -> 0 | E105: =ROUND((E46*1000000/Population!$C46),0) -> 222 | F105: =ROUND((F46*1000000/Population!$C46),0) -> 32 | G105: =ROUND((G46*1000000/Population!$C46),0) -> 988 | H105: =ROUND((H46*1000000/Population!$C46),0) -> 5095
B106: 2014 | C106: =ROUND((C47*1000000/Population!$C47),0) -> 171 | D106: =ROUND((D47*1000000/Population!$C47),0) -> 0 | E106: =ROUND((E47*1000000/Population!$C47),0) -> 240 | F106: =ROUND((F47*1000000/Population!$C47),0) -> 37 | G106: =ROUND((G47*1000000/Population!$C47),0) -> 834 | H106: =ROUND((H47*1000000/Population!$C47),0) -> 5762
B107: 2015 | C107: =ROUND((C48*1000000/Population!$C48),0) -> 166 | D107: =ROUND((D48*1000000/Population!$C48),0) -> 0 | E107: =ROUND((E48*1000000/Population!$C48),0) -> 10 | F107: =ROUND((F48*1000000/Population!$C48),0) -> 43 | G107: =ROUND((G48*1000000/Population!$C48),0) -> 691 | H107: =ROUND((H48*1000000/Population!$C48),0) -> 6467
B108: 2016 | C108: =ROUND((C49*1000000/Population!$C49),0) -> 161 | D108: =ROUND((D49*1000000/Population!$C49),0) -> 0 | E108: =ROUND((E49*1000000/Population!$C49),0) -> 110 | F108: =ROUND((F49*1000000/Population!$C49),0) -> 30 | G108: =ROUND((G49*1000000/Population!$C49),0) -> -16 | H108: =ROUND((H49*1000000/Population!$C49),0) -> 6331
B109: 2017 | C109: =ROUND((C50*1000000/Population!$C50),0) -> 175 | D109: =ROUND((D50*1000000/Population!$C50),0) -> 0 | E109: =ROUND((E50*1000000/Population!$C50),0) -> 239 | F109: =ROUND((F50*1000000/Population!$C50),0) -> 48 | G109: =ROUND((G50*1000000/Population!$C50),0) -> 1156 | H109: =ROUND((H50*1000000/Population!$C50),0) -> 7238
... B117: 2025 | C117: =ROUND((C58*1000000/Population!$C58),0) -> 336 | D117: =ROUND((D58*1000000/Population!$C58),0) -> 166 | E117: =ROUND((E58*1000000/Population!$C58),0) -> 331 | F117: =ROUND((F58*1000000/Population!$C58),0) -> 36 | G117: =ROUND((G58*1000000/Population!$C58),0) -> 1378 | H117: =ROUND((H58*1000000/Population!$C58),0) -> 15608

Sheet Population
A1: Estimated Resident Population (1991+) (Annual-Jun)
A2: Mean year ended
A3: $ millions | C3: Population
A5: March Years | B5: 1972
B6: 1973
B7: 1974
B8: 1975
B9: 1976
B10: 1977
B11: 1978
B12: 1979
B13: 1980
B14: 1981
B15: 1982
B16: 1983
B17: 1984
... B22: 1989
A23: June Years | B23: 1990
B24: 1991
B25: 1992 | C25: 3515100
B26: 1993 | C26: 3552100
B27: 1994 | C27: 3597100
B28: 1995 | C28: 3647600
B29: 1996 | C29: 3705400
B30: 1997 | C30: 3759900
B31: 1998 | C31: 3800800
B32: 1999 | C32: 3827000
B33: 2000 | C33: 3848600
B34: 2001 | C34: 3870800
B35: 2002 | C35: 3915400
B36: 2003 | C36: 3989600
... B58: 2025 | C58: 5308100
A61: Footnotes:
A62: Due to rounding, individual figures may not sum to stated totals.
A63: All population estimates at 30 June 2023 and beyond are based on the 2023 Estimated Resident Population (ERP).
A64: Population estimates after 30 June 2018 have been revised to incorporate results from the 2023 Census and 2023 Post-enumeration Survey.
A65: Estimates flagged as provisional are subject to revision, mainly to incorporate revisions to external (international) migration and birth estimates.
